 Dungeon Crawl Stone Soup version 0.18-a0-1610-g0a7c96e (webtiles) character file.

380 Geeful the Insei (level 6, -17/38 HPs)
             Began as an Octopode Transmuter on Mar 22, 2016.
             Demolished by an orc
             ... wielding a +2 war axe of electrocution
              (20 damage)
             ... on level 4 of the Dungeon.
             The game lasted 00:08:40 (3999 turns).

Geeful the Insei (Octopode Transmuter)              Turns: 3999, Time: 00:08:41

Health: -17/38     AC:  1    Str: 10    XL:     6   Next: 75%
Magic:  6/11       EV:  9    Int: 15    God:
Gold:   175        SH:  0    Dex: 14    Spells: 2 memorised, 9 levels left

rFire  . . .     SeeInvis .       - Unarmed
rCold  . . .     Gourm    .     (no shield)
rNeg   . . .     Faith    .     (helmet restricted)
rPois  .         Spirit   .     (no amulet)
rElec  .         Dismiss  .     (no ring)
rCorr  .         Reflect  .     (no ring)
SustAt .         Harm     .     (no ring)
MR     .....                    (no ring)
Stlth  ++........               (no ring)
                                (no ring)
                                (no ring)
                                (no ring)

@: not resistant to hostile enchantments, unstealthy
A: almost no armour, amphibious, 8 rings, constrict 8, camouflage 1, gelatinous
body 1
a: no special abilities


You were on level 4 of the Dungeon.
You were not hungry.

You visited 1 branch of the dungeon, and saw 4 of its levels.

You collected 175 gold pieces.

Inventory:

Missiles
 a - 36 arrows
 d - 7 tomahawks (quivered)
Armour
 t - a +0 shield
Scrolls
 e - a scroll of identify {unknown}
 k - a scroll of noise {unknown}
 n - 2 scrolls of remove curse {unknown}
 o - 2 scrolls of teleportation {unknown}
 u - a scroll of amnesia {unknown}
 w - a scroll of fog {unknown}
Potions
 i - a potion of might {unknown}
 j - a potion of beneficial mutation {unknown}
 m - a potion of mutation {unknown}
 p - a potion of agility {unknown}
 q - a potion of haste {unknown}
 r - a potion of resistance {unknown}
 s - a potion of heal wounds {unknown}
Books
 b - a book of Changes

   Spells                             Type                      Level
   a - Beastly Appendage              Transmutation                1
   b - Sticks to Snakes               Transmutation                2
   c - Spider Form                    Transmutation/Poison         3
   d - Ice Form                       Ice/Transmutation            4
   e - Blade Hands                    Transmutation                5
Comestibles
 c - a bread ration
 f - a royal jelly
 g - 2 meat rations
 h - 3 fruits
 l - 2 slices of pizza
 v - a chunk of flesh


   Skills:
 - Level 1.0 Fighting
 + Level 3.8 Dodging
 + Level 4.5 Unarmed Combat
 + Level 3.5 Spellcasting
 + Level 3.8 Transmutations


You had 9 spell levels left.
You knew the following spells:

 Your Spells              Type           Power        Failure   Level  Hunger
a - Beastly Appendage     Trmt           ##....       4%          1    None
b - Sticks to Snakes      Trmt           ##......     8%          2    ##.....


Dungeon Overview and Level Annotations

Branches:
Dungeon (4/15)
 Temple: D:4-7

Altars:
Makhleb
Zin

Shops:
D:4 ?

Annotations:
D:2 exclusion: adder, Sigmund


Innate Abilities, Weirdness & Mutations

You cannot wear most types of armour.
You are amphibious.
You can wear up to eight rings at the same time.
You can use your tentacles to constrict eight enemies at once.
Your skin changes colour to match your surroundings (Stealth).
Your rubbery body absorbs attacks (AC +1).


Message History

The orc hits your ball python with a vampiric trident!
Your ball python dies!
The orc priest completely misses your adder.
An orc comes into view. It is wielding an enchanted dagger.
The orc closely misses your adder.
Your adder bites the orc but does no damage.
The orc hits your adder with a war axe of electrocution.
There is a sudden explosion of sparks!
Your adder dies!
The orc closely misses you.
The orc shouts!
Things that are here:
a hand axe; a leather armour
There is a stone staircase leading up here.
The orc barely misses you.
The orc hits you with a war axe of electrocution!
* * * LOW HITPOINT WARNING * * *
You are electrocuted!
Ouch! That really hurt!
You die...

#o## #.####
#......# # .##
#.###..##.#
....#.#∩#..)..
....#.#+#).#
........oo#
.......oo.#
.......@#.#
##.###..#.#
#......#.#
......#..%#
##........?.....
#......#......#
#......#....#.#
..##..#.#...$# #
.. #..#.##+###


You could see an orc priest and 3 orcs.

Vanquished Creatures
  3 orc priests
  2 orc wizards (D:3)
  Natasha (D:2)
  6 adders
  3 worms
  2 dart slugs
  4 giant geckos
  5 orcs
  7 bats
  4 giant cockroaches
  7 hobgoblins
  6 jackals
  4 ball pythons
  3 giant newts
  9 goblins
  7 kobolds
  6 rats
79 creatures vanquished.

Vanquished Creatures (collateral kills)
  An ogre (D:4)
  Natasha (D:2)
  A worm (D:3)
  4 orcs
7 creatures vanquished.

Grand Total: 86 creatures vanquished

Notes
Turn   | Place    | Note
--------------------------------------------------------------
     0 | D:1      | Geeful the Octopode Transmuter began the quest for the Orb.
     0 | D:1      | Reached XP level 1. HP: 13/13 MP: 3/3
   230 | D:1      | Reached XP level 2. HP: 16/18 MP: 5/5
   773 | D:1      | Reached XP level 3. HP: 23/23 MP: 4/6
   997 | D:1      | Learned a level 2 spell: Sticks to Snakes
  1152 | D:2      | Noticed Sigmund
  1370 | D:2      | Noticed Natasha
  1380 | D:2      | Killed Natasha
  1380 | D:2      | Reached XP level 4. HP: 28/28 MP: 1/7
  2031 | D:2      | Noticed Natasha
  2038 | D:2      | Killed Natasha
  2038 | D:2      | Reached skill level 4 in Unarmed Combat
  2151 | D:3      | Reached XP level 5. HP: 33/33 MP: 7/9
  2500 | D:3      | Found a burning altar of Makhleb.
  2563 | D:3      | Noticed a green death
  2565 | D:3      | Found a glowing silver altar of Zin.
  2566 | D:3      | Noticed an angel
  3184 | D:3      | Reached XP level 6. HP: 29/38 MP: 4/10
  3667 | D:4      | Found Pomuloing's Magic Scroll Shop.
  3999 | D:4      | Demolished by an orc

Vault maps used:
D:1:      dpeg_arrival_tiny_a, minmay_misc_feat_four_crosses
D:2:      minmay_misc_feat_chi, uniq_sigmund, uniq_natasha
D:3:      grunt_temple_overflow_order_and_chaos_2
D:4:      kennysheep_mini, nicolae_overflow_crystal_walls, serial_shops,
          nicolae_shop_window_shopping

Skill      XL: |  1  2  3  4  5 |
---------------+----------------+-----
Dodging        | 3 |  3.8
Unarmed Combat | 4 |  4.5
Transmutations | 3 |  3.8
Spellcasting   | 3 |  3.5
Fighting       | |  1.0

Action                   |  1- 3 |  4- 6 || total
-------------------------+-------+-------++-------
Melee: Unarmed           |    76 |   116 ||   192
 Cast: Beastly Appendage |     9 |    18 ||    27
       Sticks to Snakes  |     2 |    19 ||    21
 Stab: Sleeping          |     3 |     5 ||     8
       Distracted        |       |     3 ||     3
  Eat: Chunk             |     2 |     9 ||    11
